 Dungeon Crawl Stone Soup version 0.20.1-1-g8b1a95d (webtiles) character file.

125002 OneorTwo the Severer (level 16, -10/154 HPs)
             Began as a Hill Orc Berserker on July 30, 2017.
             Was a High Priest of Trog.
             Killed from afar by a deep elf knight (30 damage)
             ... with an orb of energy
             ... on level 2 of the Elven Halls.
             The game lasted 03:02:13 (32650 turns).

OneorTwo the Severer (Hill Orc Berserker)          Turns: 32650, Time: 03:02:14

Health: -10/154    AC: 32    Str: 39    XL:     16   Next: 94%
Magic:  11/11      EV: 12    Int:  8    God:    Trog [*****.]
Gold:   1410       SH: 13    Dex: 16    Spells: 15/15 levels left

rFire    . . .     SeeInvis +   j - +2 broad axe (antimagic)
rCold    + . .     Gourm    .   a - +0 buckler {AC+3}
rNeg     + . .     Faith    .   J - +6 plate armour {rC+}
rPois    .         Spirit   .   E - +3 hat of Pondering {ponderous, MR+ MP+10 Int+5}
rElec    +         Reflect  +   r - scarf "Atiul" {rN+ MR- Str+6}
rCorr    .         Harm     .   D - +2 pair of gloves
MR       +....                  (no boots)
Stlth    ..........             I - brooch of Shielding {Reflect SH+8}
Regen    0.0/turn               R - ring of see invisible
MPRegen  0.2/turn               s - ring of Defos {Str+7 Int-4 Dex+3}

@: very slightly contaminated, invisible, slow
A: talons 1, thin skeletal structure 1, mutation resistance 1, electricity
resistance, inhibited regeneration, no potion heal 1
a: Berserk, Trog's Hand, Brothers in Arms, Burn Spellbooks, Renounce Religion


You were on level 2 of the Elven Halls.
You worshipped Trog.
Trog was extremely pleased with you.
You were not hungry.

You visited 4 branches of the dungeon, and saw 25 of its levels.

You collected 2328 gold pieces.
You spent 918 gold pieces at shops.

Inventory:

Hand Weapons
 j - a +2 antimagic broad axe (weapon)
 m - the +1 battleaxe "Liut" {chop, *Drain rF+ MR++ Str+3}
   (You found it on level 15 of the Dungeon)

   It inflicts extra damage upon your enemies.
   It affects your strength (+3).
   It protects you from fire.
   It affects your resistance to hostile enchantments.
   It causes draining when unequipped.
 V - a +0 blowgun
 X - a +2 morningstar
Missiles
 f - 2 needles of paralysis
 k - 6 curare-tipped needles
 y - 119 poisoned needles
 K - 2 poisoned javelins (quivered)
 P - 6 silver tomahawks
Armour
 a - a +0 buckler of protection (worn)
 r - the scarf "Atiul" (worn) {rN+ MR- Str+6}
   (You acquired it on level 13 of the Dungeon)

   It affects your strength (+6).
   It protects you from negative energy.
   It affects your resistance to hostile enchantments.
 D - a +2 pair of gloves (worn)
 E - the +3 hat of Pondering (worn) {ponderous, MR+ MP+10 Int+5}
   (You took it off Gastronok on level 2 of the Lair of Beasts)

   It affects your intelligence (+5).
   It affects your resistance to hostile enchantments.
   It affects your magic capacity (+10).
 J - a +6 plate armour of cold resistance (worn)
 Y - a scarf of resistance
Jewellery
 l - an uncursed ring of fire
 s - the ring of Defos (right hand) {Str+7 Int-4 Dex+3}
   (You bought it in a shop on level 2 of the Orcish Mines)

   [ring of dexterity]

   It affects your strength (+7).
   It affects your intelligence (-4).
   It affects your dexterity (+3).
 w - an uncursed ring of protection from cold
 I - the brooch of Shielding (around neck) {Reflect SH+8}
   (You acquired it on level 13 of the Dungeon)

   [amulet of reflection]

   It shields you and reflects attacks.
   It affects your SH (+8).
 R - a ring of see invisible (left hand)
 U - an uncursed ring of resist corrosion
Wands
 b - a wand of digging (15/24)
 x - a wand of disintegration (3/24)
 A - a wand of lightning (3/15)
 B - a wand of digging (7/24)
 C - a wand of paralysis (17/24)
 N - a wand of acid (3/15)
 O - a wand of iceblast (0/15)
 Q - a wand of lightning (3/15)
 T - a wand of confusion (21/48)
Scrolls
 e - 3 scrolls of enchant weapon
 g - 8 scrolls of remove curse
 i - 11 scrolls of teleportation
 z - a scroll of brand weapon
 G - 2 scrolls of identify
 L - 3 scrolls of fear
 Z - 2 scrolls of magic mapping
Potions
 h - 5 potions of flight
 n - 2 potions of heal wounds
 p - 2 potions of magic
 q - 3 potions of curing
 H - 3 potions of ambrosia
 M - a potion of cancellation
Books
 v - a book of Power

   Spells                             Type                      Level
   a - Iskenderun's Battlesphere      Conjuration/Charms           5
   b - Venom Bolt                     Conjuration/Poison           5
   c - Bolt of Magma                  Conjuration/Fire/Earth       5
   d - Iron Shot                      Conjuration/Earth            6
   e - Orb of Destruction             Conjuration                  7
   f - Spellforged Servitor           Conjuration/Summoning        7
   Trog disapproves of the use of such an item.
 S - the Almanac of Sinister Rites
   (You found it on level 1 of the Elven Halls)

   Spells                             Type                      Level
   a - Excruciating Wounds            Charms/Necromancy            5
   b - Agony                          Necromancy                   5
   c - Simulacrum                     Ice/Necromancy               6
   Trog disapproves of the use of such an item.
Miscellaneous
 t - a fan of gales
 W - a phial of floods
Comestibles
 c - 13 bread rations
 d - 2 royal jellies
 o - 12 meat rations
 u - 29 fruits


   Skills:
 * Level 16.8 Fighting
 + Level 19.5 Axes
 + Level 9.0 Throwing
 * Level 14.5 Armour
 + Level 5.2 Dodging
 + Level 2.5 Shields
 + Level 11.4 Evocations


You had 15 spell levels left.
You didn't know any spells.

Dungeon Overview and Level Annotations

Branches:
Dungeon (15/15)            Temple (0/1) D:4            Lair (6/6) D:9
 Shoals (0/4) Lair:4       Spider (0/4) Lair:3        Slime (0/5) Lair:5
    Orc (2/2) D:9             Elf (2/3) Orc:2        Vaults (0/5) D:13
 Depths (0/5) D:15

Altars:
Ashenzari
Dithmenos
Gozag
Nemelex Xobeh
Xom
Jiyva

Shops:
D:4 !   D:12 (   D:14 }   Orc:2 *=*!   Elf:1 %


Innate Abilities, Weirdness & Mutations

You have sharp toenails.
You have a somewhat thin skeletal structure. (Dex +2, Stealth)
You are somewhat resistant to further mutation.
You are resistant to electric shocks. (rElec)
You do not regenerate when monsters are visible.
Potions are less effective at restoring your health.


Message History

* * * LOW HITPOINT WARNING * * *
You see here an enchanted dagger.
The deep elf knight shoots an arrow.
You reflect the arrow off an invisible shield around you!
The arrow hits the deep elf knight!
The deep elf knight shoots an arrow.
The arrow closely misses you.
The deep elf knight shoots an arrow.
The arrow hits you!
* * * LOW HITPOINT WARNING * * *
You see here an arrow.
Your system partially rejects the healing.
You feel much better.
The deep elf knight casts a spell at something.
The deep elf knight shoots an arrow.
The deep elf knight shoots an arrow.
You recover from your berserk rage.
The deep elf knight shoots an arrow.
The arrow hits you but does no damage.
You see here an arrow.
The deep elf knight casts a spell at something.
The orb of energy explodes!
The mystic blast hits you!
You die...

##.#######.#
##)#...#'#
#.......#####
#..)....)...+
#.......#####
#.......#
#.......#
###...###
#@### #(# #.#
#.### #.(.#
#.(.# ##e##
#..e# #...#


You could see a deep elf knight and a deep elf mage.

Vanquished Creatures
  A deep elf blademaster (Elf:2)
  Gastronok (Lair:2)
  3 deep elf annihilators
  An ettin (Orc:2)
  A deep elf death mage (Elf:1)
  4 vault guards
  Harold (Lair:1)
  13 hydras
  2 catoblepae
  A death knight (D:15)
  5 two-headed ogres
  6 centaur warriors
  3 orc high priests (Orc:2)
  5 death yaks (Lair:6)
  A tengu warrior (D:14)
  A deep troll shaman (Lair:6)
  10 dancing weapons
  8 deep elf knights
  A skeletal warrior (D:15)
  2 unseen horrors (D:12)
  4 wizards
  A deep elf archer (Elf:1)
  2 wolf spider zombies (D:15)
  3 necromancers
  22 deep elf magi
  4 ugly things
  5 orc knights
  5 orc sorcerers
  8 cyclopes
  3 manticores
  6 elephants
  6 centaur zombies
  2 black mambas
  2 naga magi (D:15)
  3 gargoyles
  6 centaur skeletons
  2 yaktaurs (D:13)
  13 spiny frogs
  7 komodo dragons
  A rime drake (Lair:5)
  A kobold demonologist (D:11)
  6 freezing wraiths
  A tengu conjurer (D:14)
  An efreet (D:15)
  4 trolls
  A merfolk (D:9)
  A meliai (D:12)
  2 harpy skeletons
  Prince Ribbit (D:6)
  A polar bear (Lair:6)
  3 hornets
  15 hippogriffs
  18 dream sheep
  5 blink frogs (Lair:3)
  5 slime creatures (D:13)
  A meliai zombie (D:15)
  An air elemental (Elf:1)
  A centaur simulacrum (D:15)
  A redback (Lair:3)
  A shadow (D:14)
  2 wraiths
  A yak (shapeshifter) (D:15)
  A vampire (D:13)
  A basilisk (shapeshifter) (D:14)
  36 yaks
  3 basilisks
  4 fire elementals
  6 vampire mosquitoes (D:15)
  2 hungry ghosts
  A large abomination (Elf:1)
  Edmund (D:6)
  Menkaure (D:7)
  A warg (Orc:2)
  2 soldier ants
  3 acid dragons
  22 water moccasins
  Duvessa (D:6)
  2 floating eyes (D:13)
  9 porcupines
  An ice beast (D:10)
  24 orc warriors
  3 phantoms
  3 sky beasts
  4 black bears
  An eye of draining (D:14)
  8 ogres
  25 wolves
  A necrophage (D:10)
  27 crocodiles
  11 centaurs
  3 big kobolds
  The ghost of Knicklaso the Digger, an amateur GrEE (D:3)
  3 elf zombies (Elf:1)
  2 earth elementals (Elf:1)
  20 bullfrogs
  Dowan (D:6)
  A wyvern skeleton (D:6)
  7 scorpions
  15 killer bees
  9 wights
  8 electric eels
  5 crimson imps
  A quasit (D:13)
  7 hounds
  2 bullfrog zombies
  3 bullfrog skeletons
  24 orc priests
  Crazy Yiuf (D:6)
  22 orc wizards
  2 iguanas
  8 worker ants
  4 hell rats (Lair:1)
  A killer bee zombie (D:9)
  2 hound skeletons
  3 worker ant zombies
  3 gnolls (D:9)
  7 river rats (Lair:1)
  12 adders
  3 shadow imps
  An ooze (D:5)
  An adder zombie (D:9)
  7 worms
  2 dart slugs (D:1)
  7 leopard geckos
  75 orcs
  3 ball pythons (D:3)
  9 giant cockroaches
  10 goblins
  10 hobgoblins
  2 jackals (D:1)
  16 kobolds
  8 quokkas
  10 bats
  5 frilled lizards
  A giant cockroach zombie (D:5)
  2 jackal skeletons
  9 rats
  3 fungi
  5 plants
818 creatures vanquished.

Vanquished Creatures (others)
  A centaur warrior (D:13)
  A bush (Lair:6)
  16 fungi
  14 plants
32 creatures vanquished.

Grand Total: 850 creatures vanquished

Notes
Turn   | Place    | Note
-------+----------+-------------------------------------------
     0 | D:1      | OneorTwo the Hill Orc Berserker began the quest for the Orb.
     0 | D:1      | Reached XP level 1. HP: 19/19 MP: 1/1
    76 | D:1      | Reached XP level 2. HP: 23/27 MP: 2/2
   353 | D:1      | Reached XP level 3. HP: 32/33 MP: 3/3
   999 | D:2      | Reached skill level 5 in Axes
  1205 | D:2      | Reached ** piety under Trog
  1236 | D:2      | Reached XP level 4. HP: 30/41 MP: 4/4
  1432 | D:2      | HP: 2/41 [poisoned by an adder]
  1655 | D:2      | Reached skill level 5 in Fighting
  2700 | D:3      | Noticed Knicklaso's ghost (amateur GrEE)
  2771 | D:3      | Killed Knicklaso's ghost
  2771 | D:3      | Reached skill level 6 in Axes
  2771 | D:3      | Reached XP level 5. HP: 31/48 MP: 5/5
  3308 | D:3      | Reached XP level 6. HP: 28/57 MP: 6/6
  3517 | D:3      | Reached skill level 7 in Axes
  3626 | D:3      | Reached *** piety under Trog
  3955 | D:4      | Found a staircase to the Ecumenical Temple.
  3979 | D:4      | Reached skill level 8 in Axes
  3979 | D:4      | Reached XP level 7. HP: 61/64 MP: 2/7
  4553 | D:4      | Found Vuyvivos's Distillery.
  4558 | D:4      | Bought a potion of heal wounds for 55 gold pieces
  5271 | D:5      | Entered Level 5 of the Dungeon
  5439 | D:5      | Reached skill level 9 in Axes
  5731 | D:5      | Reached XP level 8. HP: 68/73 MP: 2/8
  6240 | D:6      | Reached skill level 10 in Axes
  6240 | D:6      | Reached skill level 1 in Evocations
  6340 | D:6      | Noticed Edmund
  6361 | D:6      | Killed Edmund
  6919 | D:6      | Noticed Duvessa
  6920 | D:6      | Noticed Dowan
  6936 | D:6      | Killed Duvessa
  6936 | D:6      | Reached skill level 11 in Axes
  6936 | D:6      | Reached XP level 9. HP: 81/81 MP: 3/10
  6939 | D:6      | Killed Dowan
  7240 | D:6      | Noticed Prince Ribbit
  7816 | D:6      | Killed Prince Ribbit
  7941 | D:6      | Found a runed door.
  7945 | D:6      | Noticed Crazy Yiuf
  7954 | D:6      | Killed Crazy Yiuf
  8198 | D:7      | Found a shattered altar of Ashenzari.
  8206 | D:7      | Reached skill level 5 in Armour
  8219 | D:7      | Reached skill level 12 in Axes
  8524 | D:7      | Noticed Menkaure
  8588 | D:7      | Killed Menkaure
  8677 | D:7      | Found a shadowy altar of Dithmenos.
  8998 | D:8      | Found a shadowy altar of Dithmenos.
  9015 | D:8      | Reached XP level 10. HP: 91/91 MP: 4/13
  9333 | D:8      | Found an opulent altar of Gozag.
  9393 | D:8      | Reached skill level 13 in Axes
  9716 | D:8      | Reached skill level 5 in Evocations
 10104 | D:9      | Reached **** piety under Trog
 10432 | D:9      | Found a staircase to the Orcish Mines.
 10447 | D:9      | Reached skill level 10 in Fighting
 10955 | D:9      | Found a staircase to the Lair.
 11018 | D:10     | Entered Level 10 of the Dungeon
 11111 | D:10     | Reached skill level 14 in Axes
 11134 | D:10     | Noticed a cyclops
 11400 | D:10     | Killed a cyclops
 11400 | D:10     | Reached XP level 11. HP: 101/101 MP: 15/15
 11496 | D:10     | Reached skill level 1 in Throwing
 11603 | D:10     | Reached ***** piety under Trog
 11615 | D:10     | Got a tattered robe
 11626 | D:10     | Identified the cursed +1 robe "Cinaliur" {rC- MR+ Int+5} (You found it on level 10 of the Dungeon)
 12663 | D:11     | Noticed a two-headed ogre
 12670 | D:11     | Killed a two-headed ogre
 12802 | D:11     | Reached skill level 15 in Axes
 13135 | D:11     | Noticed a manticore
 13146 | D:11     | Killed a manticore
 13217 | D:11     | Noticed a centaur warrior
 13230 | D:11     | Killed a centaur warrior
 13804 | D:11     | Noticed a cyan ugly thing
 13807 | D:11     | Killed a cyan ugly thing
 13996 | D:12     | Killed an unseen horror
 13996 | D:12     | Reached XP level 12. HP: 74/110 MP: 17/17
 14994 | Lair:1   | Entered Level 1 of the Lair of Beasts
 15073 | Lair:1   | Noticed a four-headed hydra
 15081 | Lair:1   | Killed a four-headed hydra
 15421 | Lair:1   | Noticed Harold
 15430 | Lair:1   | Killed Harold
 15430 | Lair:1   | Reached skill level 16 in Axes
 16348 | Lair:1   | Received a gift from Trog
 16516 | Lair:2   | Noticed Gastronok
 16572 | Lair:2   | Killed Gastronok
 16572 | Lair:2   | Reached skill level 5 in Throwing
 16878 | Lair:2   | Reached XP level 13. HP: 98/118 MP: 19/19
 16921 | Lair:2   | Reached skill level 17 in Axes
 19078 | Lair:3   | Gained mutation: You have a pair of small horns on your head. [potion of mutation]
 19078 | Lair:3   | Gained mutation: You do not regenerate when monsters are visible. [potion of mutation]
 19078 | Lair:3   | Lost mutation: You have a pair of small horns on your head. [potion of mutation]
 19078 | Lair:3   | Gained mutation: You have a somewhat thin skeletal structure. (Dex +2, Stealth) [potion of mutation]
 19266 | Lair:3   | Reached skill level 10 in Armour
 19291 | Lair:3   | Found a hole to the Spider Nest.
 20434 | Lair:4   | Received a gift from Trog
 20484 | Lair:4   | Found a staircase to the Shoals.
 21369 | Lair:5   | Found a viscous altar of Jiyva.
 21373 | Lair:5   | Found a staircase to the Slime Pits.
 21753 | Lair:5   | Got a faintly glowing leather armour
 21764 | Lair:5   | Identified the +0 leather armour of Suluic {rElec rN++ rCorr Stlth-} (You found it on level 5 of the Lair of Beasts)
 22450 | Lair:6   | Entered Level 6 of the Lair of Beasts
 22453 | Lair:5   | Reached skill level 18 in Axes
 22907 | Lair:6   | Received a gift from Trog
 22957 | Lair:6   | Reached XP level 14. HP: 129/129 MP: 21/21
 24140 | Lair:6   | Received a gift from Trog
 24535 | Lair:6   | Received a gift from Trog
 26211 | D:12     | Gained mutation: You have sharp toenails. [mutagenic meat]
 26212 | D:12     | Gained mutation: You are somewhat resistant to further mutation. [mutagenic meat]
 26214 | D:12     | Gained mutation: You are resistant to electric shocks. (rElec) [mutagenic meat]
 26383 | D:12     | Found Pasoh's Antique Weapon Shop.
 26690 | D:13     | Identified 3 scrolls of acquirement
 26709 | D:13     | Got a warped scarf
 26720 | D:13     | Identified the scarf "Atiul" {rN+ MR- Str+6} (You acquired it on level 13 of the Dungeon)
 26727 | D:13     | Reached skill level 10 in Evocations
 26887 | D:13     | Reached XP level 15. HP: 106/139 MP: 22/22
 26904 | D:13     | Paralysed by a floating eye for 2 turns
 26913 | D:13     | Received a gift from Trog
 26920 | D:13     | Paralysed by a floating eye for 3 turns
 27001 | D:13     | Gained mutation: Potions are less effective at restoring your health. [mutagenic meat]
 27086 | D:13     | Received a gift from Trog
 27302 | D:13     | Reached skill level 15 in Fighting
 27542 | D:13     | Found a gate to the Vaults.
 27743 | D:14     | Found Gyadi's Quality Used Wands.
 28174 | D:14     | Found a labyrinth entrance.
 28355 | D:15     | Entered Level 15 of the Dungeon
 28716 | D:15     | Got a fine battleaxe
 28717 | D:15     | Identified the cursed +1 battleaxe "Liut" {chop, *Drain rF+ MR++ Str+3} (You found it on level 15 of the Dungeon)
 28859 | D:15     | Found a sparkling altar of Nemelex Xobeh.
 29038 | D:15     | Found a shimmering altar of Xom.
 29351 | D:15     | Reached skill level 19 in Axes
 29367 | D:15     | Reached ****** piety under Trog
 29457 | D:15     | Received a gift from Trog
 29491 | D:15     | Reached XP level 16. HP: 40/151 MP: 11/24
 29763 | D:15     | Found a staircase to the Depths.
 30153 | Orc:1    | Entered Level 1 of the Orcish Mines
 30463 | Orc:2    | Entered Level 2 of the Orcish Mines
 30482 | Orc:2    | Received a gift from Trog
 30713 | Orc:2    | Found Ruyscheida's Assorted Antiques.
 30713 | Orc:2    | Found Saxt's Jewellery Shop.
 30715 | Orc:2    | Found Tysoefoz's Assorted Antiques.
 30715 | Orc:2    | Found Mepijex's Distillery.
 30779 | Orc:2    | Bought a potion of heal wounds for 180 gold pieces
 30779 | Orc:2    | Bought a scroll of identify for 72 gold pieces
 30783 | Orc:2    | Bought a potion of cancellation for 104 gold pieces
 30783 | Orc:2    | Bought a potion of heal wounds for 65 gold pieces
 30783 | Orc:2    | Bought a potion of heal wounds for 65 gold pieces
 30786 | Orc:2    | Bought the ring of Defos {Str+7 Int-4 Dex+3} for 377 gold pieces
 30986 | Orc:2    | Found a staircase to the Elven Halls.
 31119 | Elf:1    | Entered Level 1 of the Elven Halls
 31227 | Elf:1    | Identified the Almanac of Sinister Rites
 31415 | Elf:1    | Received a gift from Trog
 31611 | Elf:1    | Received a gift from Trog
 31682 | Elf:1    | Reached skill level 1 in Shields
 31783 | Elf:1    | Received a gift from Trog
 31819 | Elf:1    | Found Qemu's Food Boutique.
 32435 | Elf:2    | Reached skill level 5 in Dodging
 32522 | Elf:2    | Found a huge runed gate.
 32522 | Elf:2    | Found a huge runed gate.
 32522 | Elf:2    | Found a huge runed gate.
 32587 | Elf:2    | Noticed a deep elf blademaster
 32620 | Elf:2    | Killed a deep elf blademaster
 32643 | Elf:2    | HP: 1/154 [deep elf knight/arrow (7)]
 32650 | Elf:2    | Killed from afar by a deep elf knight

Skill      XL: |  1  2  3  4  5  6  7  8  9 10 11 12 13 14 15 16 |
---------------+-------------------------------------------------+-----
Fighting       | 4 5 6 7 8 9 10 11 12 13 14 15 16 | 16.8
Axes           | 5 6 8 9 11 12 14 15 16 18 19 | 19.5
Evocations     | 2 4 6 7 8 9 10 11 | 11.4
Armour         | 4 5 7 8 9 10 12 13 14 | 14.5
Throwing       | 3 5 6 7 8 9 |  9.0
Dodging        | 2 3 5 |  5.2
Shields        | 2 |  2.5

Action                   |  1- 3 |  4- 6 |  7- 9 | 10-12 | 13-15 | 16-18 || total
-------------------------+-------+-------+-------+-------+-------+-------++-------
Melee: Hand axe          |   115 |   125 |   415 |    69 |       |       ||   724
       War axe           |       |    47 |       |   228 |       |       ||   275
       Dire flail        |       |       |    12 |       |       |       ||    12
       Battleaxe         |       |       |       |   361 |   396 |       ||   757
       Morningstar       |       |       |       |     8 |   148 |       ||   156
       Broad axe         |       |       |       |       |   170 |   297 ||   467
       Kick              |       |       |       |       |   126 |   136 ||   262
       Executioner's axe |       |       |       |       |   219 |    51 ||   270
Throw: Tomahawk          |       |       |     4 |    35 |    44 |    23 ||   106
       Javelin           |       |       |       |       |   126 |    65 ||   191
       Stone             |       |       |       |       |     4 |       ||     4
       Throwing net      |       |       |       |       |     4 |       ||     4
Invok: Berserk           |       |     6 |     8 |     9 |     8 |     2 ||    33
       Trog's Hand       |       |     2 |    14 |    10 |    11 |    14 ||    51
       Burn Spellbooks   |       |       |     1 |     1 |     1 |       ||     3
Evoke: Wand              |       |       |     1 |    15 |    45 |     2 ||    63
       Fan of gales      |       |       |       |       |     1 |       ||     1
  Use: Scroll            |       |       |    14 |    15 |    18 |     2 ||    49
       Potion            |       |       |     2 |     2 |    10 |     8 ||    22
 Stab: Petrified         |       |       |       |       |     2 |       ||     2
       Distracted        |       |       |       |       |     1 |       ||     1
       Petrifying        |       |       |       |       |     1 |       ||     1
  Eat: Chunk             |     1 |    10 |    27 |    30 |    62 |    13 ||   143
       Bread ration      |       |     1 |     1 |     1 |     2 |     1 ||     6
       Royal jelly       |       |       |       |     2 |     6 |     1 ||     9
Armor: Animal skin       |    32 |    13 |       |       |       |       ||    45
       Chain mail        |       |    16 |    76 |       |     9 |       ||   101
       Plate armour      |       |       |   106 |   441 |   862 |   140 ||  1549
Dodge: Dodged            |    91 |    85 |   127 |   219 |   414 |    79 ||  1015
Block: Other             |       |       |       |       |   120 |    16 ||   136
       Reflection        |       |       |       |       |    14 |     8 ||    22
       Buckler           |       |       |       |       |       |   108 ||   108
